AoeStats
← joseph.popma

Four Lakes

507174061Analyzed
1v1 RM · 17d ago on Sep 17, 2026· 51m 20s· 2 players
Game mode
Random Map
Map size
Tiny (2 player)
Population
200
Speed
Normal
Resources
Standard
Victory
Conquest
Starting age
Dark Age
Ending age
Imperial Age
RankedLock teamsTeams togetherTeam positionsShared explorationLock speedFull tech treeHidden civsTurbo modeCheats
Victory
Defeat
🇨🇱 Spanish · Chile
508
+13
🇨🇦 Franks · Canada
433
-13
joseph.popma
16:01 Feudal Age
18:10 Town Watch
19:01 Wheelbarrow
18:27 Double-Bit Axe
18:43 Fishing Lines
19:39 Gold Mining
19:44 Stone Mining
22:36 Castle Age
23:37 Husbandry
24:27 Gold Shaft Mining
25:01 Scale Barding Armor
25:14 Hand Cart
29:47 Padded Archer Armor
29:38 Fletching
30:06 Crossbowman
35:30 Town Patrol
36:03 Murder Holes
36:29 Ballistics
43:57 Imperial Age
43:31 Leather Archer Armor
43:12 Bodkin Arrow
43:39 Chain Barding Armor
45:19 Cavalier
45:23 Capped Ram
50:10 Heavy Cavalry Archer
50:52 Heavy Scorpion
Sirk3771
10:09 Feudal Age
13:44 Double-Bit Axe
19:24 Loom
22:31 Castle Age
21:48 Bloodlines
23:23 Stone Mining
23:29 Gold Mining
33:24 Wheelbarrow
32:38 Town Watch
34:33 Ballistics
34:09 Murder Holes
33:58 Pikeman
34:39 Squires
34:24 Gambesons
34:25 Arson
35:56 Bow Saw
39:12 Hand Cart
38:58 Town Patrol
41:09 Husbandry
45:03 Imperial Age
44:57 Medium Warships
47:00 Elite Conquistador
47:24 Cavalier
50:01 Chemistry
50:52 Light Cavalry
Connection lost

Rejoining the realm…

Still unreachable

The connection could not be restored.

Session expired

The server has moved on; the page needs a fresh start.